 Dungeon Crawl Stone Soup version 0.29-a0-529-gfa20dd96a1 (webtiles) character file.

Game seed: 11792904632961454825

77 spaghetti the Ruffian (level 4, 0/40 (57) HPs)
             Began as a Meteoran Berserker on June 1, 2022.
             Was a Believer of Trog.
             Slain by a bat (1 damage)
             ... summoned by Eustachio
             ... on level 4 of the Dungeon.
             The game lasted 00:02:24 (1770 turns).

spaghetti the Ruffian (Meteoran Berserker)          Turns: 1770, Time: 00:02:24

HP:   0/40 (57)     AC:  2    Str: 20      XL:     4   Next: 89%
MP:   5/5           EV: 12    Int:  8      God:    Trog [**....]
Gold: 119           SH:  0    Dex: 10 (14) Spells: 3/3 levels left

rFire   . . .      SeeInvis +   h - +7 hand axe "Wesatzuki" {speed, +Blink SInv, axe}
rCold   . . .      Faith    .   (no shield)
rNeg    . . .      Spirit   .   a - +0 animal skin
rPois   .          Reflect  .   (no helmet)
rElec   .          Harm     .   (no cloak)
rCorr   .          Rampage  .   (no gloves)
Will    .....                   (no boots)
Stlth   ..........              (no amulet)
HPRegen 0.13/turn               (no ring)
MPRegen 0.09/turn               (no ring)

@: berserking, glowing, very heavily drained, very quick
A: sense surroundings 1, otherworldly, glowing, explore regen
a: Renounce Religion, Evoke Blink, Berserk, Trog's Hand


You were on level 4 of the Dungeon.
You worshipped Trog.
Trog was pleased with you.
You visited 1 branch of the dungeon, and saw 4 of its levels.

You collected 119 gold pieces.


Innate Abilities, Weirdness & Mutations

You passively map a small area around you.
You are easily found by Zot.
You glow in the dark.
You regain HP and MP as you explore.


   Skills:
 - Level 3.5 Fighting
 + Level 3.7 Axes
 - Level 2.7 Armour
 - Level 2.8 Dodging
 - Level 3.8 Unarmed Combat


You had 3 spell levels left.
You didn't know any spells.
Your spell library contained the following spells:

 Spells                   Type           Power      Damage    Failure   Level
 Ensorcelled Hibernation  Hex/Ice        0%         N/A       54%         2
 Frozen Ramparts          Ice            0%         1d2       78%         3
 Spider Form              Tmut/Pois      0%         N/A       78%         3
 Anguish                  Hex/Necr       0%         N/A       99%         4
 Ice Form                 Ice/Tmut       0%         N/A       99%         4
 Summon Ice Beast         Ice/Summ       0%         N/A       99%         4

Inventory:

Hand Weapons
 h - the +7 hand axe "Wesatzuki" (weapon) {speed, +Blink SInv, axe}
   (You found it on level 2 of the Dungeon)

   Attacks with this weapon are significantly faster.
   SInv:      It lets you see invisible.
   +Blink:    It lets you blink.
Missiles
 g - 20 stones (quivered) {throwing}
Armour
 a - a +0 animal skin (worn)
Jewellery
 j - a ring of fire
   (You found it on level 2 of the Dungeon)
 m - a ring of positive energy
   (You found it on level 4 of the Dungeon)
Scrolls
 b - a scroll of identify {unknown}
 c - a scroll of fear {unknown}
 e - a scroll of enchant weapon {unknown}
 f - a scroll of poison {unknown}
 k - a scroll of magic mapping {unknown}
 n - a scroll of immolation {unknown}
 o - a scroll of blinking {unknown}
Potions
 d - a potion of attraction {unknown}
 i - 2 potions of heal wounds {unknown}
 l - a potion of lignification {unknown}

Dungeon Overview and Level Annotations

Branches:
Dungeon (4/15)
 Temple: D:4-7

Altars:

Shops:
D:2 !(:   D:4 :

Annotations:
D:4 Eustachio

, ### *#.#.....#.#[... **
, , ..#.โˆฉ.>.#......
##.#.....#.##### ,
..#######...... ,
#.........######
**#########..#####.#......
#..........# #.#.#....
#.....b@ยง..# #.#.#.###
#......@r..# ##+#+#'#..
#......r...# #.......[.
#..........# #.........
#########..# #.........
#..# #.........
#..#####'#'#+### *
#......#.#.#.# # ** *,,
*#.####.#.#.#'### , *#.#
#.#.#......


You could see Eustachio, a river rat (summoned), a quokka (summoned) and a bat
(summoned).


Message History

๐Ÿ˜• HP[+1]
You hear the rusting of a very distant drain.
You open the door.
As you open the door, it creaks loudly! ๐Ÿ˜Ž HP[+4]
Your hp is fully restored (27).
As you open the door, it creaks loudly!
There is an open door here.
Key pressed, stopping explore.
You hear the rusting of a distant drain.
Eustachio the Magnificent comes into view.
He is wielding a +0 rapier.
Eustachio shouts!
You closely miss Eustachio.
Eustachio gestures wildly while chanting.
Eustachio blinks!
Eustachio misses you.
You barely miss Eustachio.
Eustachio mumbles some strange words.
You slash Eustachio! You closely miss the quasit. The quasit bites you.
The quasit claws you.
You feel clumsy.
The quasit barely misses you. ๐Ÿ˜• HP[-3]
You take 3 damage, and now have 24/27 hp.
You are too injured to fight recklessly!
You are too injured to fight recklessly!
You are too injured to fight recklessly!
You are too injured to fight recklessly!
You are too injured to fight recklessly!
You are too injured to fight recklessly!
You are too injured to fight recklessly!
You are too injured to fight recklessly!
You are too injured to fight recklessly!
You are too injured to fight recklessly!
You are too injured to fight recklessly!
You are too injured to fight recklessly!
You are too injured to fight recklessly!
You are too injured to fight recklessly!
You are too injured to fight recklessly!
You are too injured to fight recklessly!
Unknown command.
You barely miss Eustachio. You hit the ufetubus. You miss the quasit.
Eustachio barely misses you.
You barely miss Eustachio. You closely miss the quasit. You hit the shadow imp.
The quasit barely misses you. The quasit claws you.
You feel clumsy. The quasit claws you. Eustachio misses you.
The quasit bites you.
You feel clumsy. The quasit barely misses you.
The quasit closely misses you. ๐Ÿ˜ฎ HP[-4]
You take 4 damage, and now have 20/27 hp.
You miss Eustachio. You closely miss the quasit. You slash the shadow imp!
You kill the shadow imp!
The shadow imp disappears in a puff of smoke!
Eustachio barely misses you.
You hit Eustachio. You closely miss the ufetubus. You barely miss the quasit.
The quasit closely misses you. The quasit misses you.
The quasit claws you but does no damage.
The ufetubus hits you. x2; The quasit closely misses you.
The quasit completely misses you. The quasit claws you.
You feel clumsy. ๐Ÿ˜ฎ HP[-6]
You take 6 damage, and now have 14/27 hp.
MASSIVE DAMAGE!! (PAUSE)
You slash Eustachio! Your punch misses Eustachio. You slash the ufetubus!
You kill the ufetubus!
The ufetubus disappears in a puff of smoke!
You miss the quasit. Eustachio hits you with a +0 rapier.
* * * LOW HITPOINT WARNING * * *
๐Ÿ˜จ HP[-6]
You take 6 damage, and now have 8/27 hp.
MASSIVE DAMAGE!! (PAUSE)
A red film seems to cover your vision as you go berserk!
You feel yourself moving faster!
You feel mighty! The quasit closely misses you. The quasit claws you.
* * * LOW HITPOINT WARNING * * *
The quasit claws you.
* * * LOW HITPOINT WARNING * * *
Eustachio casts a spell.
The quasit bites you but does no damage.
The quasit closely misses you.
The quasit claws you but does no damage. ๐Ÿ˜ฑ HP[+2]
You now have 40 max hp (+13).
You regained 2 hp, and now have 10/40 hp.
You barely miss Eustachio. You slash the quasit! You closely miss the quokka.
You hit the river rat. Eustachio hits you with a +0 rapier!
* * * LOW HITPOINT WARNING * * *
๐Ÿ˜ฑ HP[-9]
You take 9 damage, and now have 1/40 hp.
MASSIVE DAMAGE!! (PAUSE)
You barely miss Eustachio. You closely miss the bat. You hit the river rat.
You closely miss the quokka. You slash the quasit!
You kill the quasit!
The quasit disappears in a puff of smoke!
The bat barely misses you. The quokka barely misses you.
The river rat barely misses you.
You slash Eustachio! You closely miss the quokka. You hit the river rat.
You barely miss the bat. The bat hits you.
You die...

Skill      XL: |  1  2  3  4 |
---------------+-------------+-----
Axes           | 1 2 3 |  3.7
Fighting       | |  3.5
Armour         | |  2.7
Dodging        | |  2.8
Unarmed Combat | |  3.8

Action                   |  1- 3 |  4- 6 || total
-------------------------+-------+-------++-------
Melee: Unarmed           |    31 |       ||    31
       Hand axe          |     9 |    35 ||    44
Invok: Berserk           |     1 |     1 ||     2
Armor: Animal skin       |     6 |     6 ||    12
Dodge: Dodged            |    19 |    22 ||    41

Levels and vault maps discovered:
D:1:      dpeg_arrival_rooms_with_view, layout_loops_corners,
          hellmonk_ecumenical_altar_lost_god
D:2:      layout_basic, basic_altar, serial_shops, shop, shop, shop,
          minmay_misc_feat_enclosed
D:3:      layout_loops_ring, gammafunk_ghost_gnarly_gnolls, st_stairs_3
D:4:      layout_basic, serial_shops, nicolae_take_the_stairs,
          portal_sewer_entry_c, minmay_snake_closets, uniq_eustachio

Notes
Turn   | Place    | Note
-------+----------+-------------------------------------------
     0 | D:1      | spaghetti the Meteoran Berserker began the quest for the
                  | Orb.
     0 | D:1      | Reached XP level 1. HP: 19/19 MP: 2/2
     0 | D:1      | magus.rc [v1.9.6]
   153 | D:1      | Reached XP level 2. HP: 26/26 MP: 3/3
   390 | D:2      | Identified the +7 hand axe "Wesatzuki" {speed, +Blink SInv}
   530 | D:2      | You pick up a book of Rime {forbidden} and begin reading...
   530 | D:2      | You add the spells Frozen Ramparts, Ice Form and Summon Ice
                  | Beast to your library.
   553 | D:2      | Found Meinufaj's Book Boutique.
   561 | D:2      | Found Curroq's Antique Weapon Boutique.
   686 | D:2      | Reached skill level 1 in Axes
   686 | D:2      | Reached XP level 3. HP: 31/31 MP: 4/4
   692 | D:2      | Reached skill level 2 in Axes
   694 | D:2      | Reached XP level 4. HP: 11/38 MP: 5/5
  1092 | D:2      | Glimpsed the power of Zot.
  1111 | D:2      | Found Paok's Distillery.
  1142 | D:2      | Glimpsed the power of Zot.
  1183 | D:2      | Glimpsed the power of Zot.
  1192 | D:2      | Glimpsed the power of Zot.
  1193 | D:2      | Touched by the power of Zot.
  1296 | D:3      | Reached skill level 3 in Axes
  1422 | D:3      | Reached ** piety under Trog
  1428 | D:3      | Noticed a necrophage
  1446 | D:4      | Found Qothiuwk's Book Emporium.
  1626 | D:4      | You pick up a book of Dreams {forbidden} and begin
                  | reading...
  1626 | D:4      | You add the spells Ensorcelled Hibernation, Spider Form and
                  | Anguish to your library.
  1754 | D:4      | Noticed Eustachio
  1767 | D:4      | HP: 10/40 [quasit[Eustachio] (1)]
  1768 | D:4      | HP: 1/40 [Eustachio/+0 rapier (9)]
  1770 | D:4      | Slain by a bat

Vanquished Creatures
  3 gnolls (D:2)
  An adder (D:4)
  A white imp (D:4)
  A worm (D:2)
  An orc (D:4)
  A bat (D:3)
  4 endoplasms
  A giant cockroach (D:1)
  2 goblins (D:2)
  3 hobgoblins
  A quokka (D:1)
  3 ball pythons
  2 frilled lizards (D:2)
  3 kobolds
  2 rats
29 creatures vanquished.

Table legend:
 A = Non-vault XP
 B = Vault XP
 C = Vault XP percentage of total XP
 D = Non-vault monster count
 E = Vault monster count
 F = Vault count percentage of total count
                 A         B        C        D         E       F
            +---------+---------+-------+---------+---------+-------
      Total |     106 |       4 |   3.6 |      26 |       3 |  10.3
            +---------+---------+-------+---------+---------+-------
        D:1 |       9 |       1 |  10.0 |       5 |       1 |  16.7
        D:2 |      60 |       0 |   0.0 |      12 |       0 |   0.0
        D:3 |       8 |       3 |  27.3 |       4 |       2 |  33.3
        D:4 |      29 |       0 |   0.0 |       5 |       0 |   0.0
            +---------+---------+-------+---------+---------+-------

Illustrated notes

Table legend:
 A = Kills in this place as a percentage of kills in entire the game.
 B = Kills by you in this place as a percentage of kills by you in the entire game.
 C = Kills by friends in this place as a percentage of kills by friends in the entire game.
 D = Other kills in this place as a percentage of other kills in the entire game.
 E = Experience gained in this place as a percentage of experience gained in the entire game.
 F = Experience gained in this place divided by the number of levels of this place that you have seen.
                   A       B       C       D       E      F
               +-------+-------+-------+-------+-------+----------------------
         Total | 100.0 | 100.0 |   N/A |   N/A | 100.0 |  27.5
       Dungeon | 100.0 | 100.0 |   N/A |   N/A | 100.0 |  27.5
               +-------+-------+-------+-------+-------+----------------------

Table legend: (Time is in decaauts)
 A = Elapsed time spent in this place.
 B = Non-inter-level travel time spent in this place.
 C = Inter-level travel time spent in this place.
 D = Time resting spent in this place.
 E = Time spent auto-exploring this place.
 F = Levels seen in this place.
 G = Mean time per level.
                   A        B        C        D        E       F      G
               +--------+--------+--------+--------+--------+-----+--------+
         Total |   1768 |   1703 |     65 |      0 |   1484 |   4 |  442.0 |
       Dungeon |   1768 |   1703 |     65 |      0 |   1484 |   4 |  442.0 |
               +--------+--------+--------+--------+--------+-----+--------+

Top non-repeatable levels by time:
     D:2: 937 daAuts
     D:4: 334 daAuts
     D:1: 267 daAuts
     D:3: 229 daAuts
